 Dungeon Crawl Stone Soup version 0.22-a0-161-g198051c (webtiles) character file.

878 wolfsongas the Ruffian (level 8, -3/62 HPs)
             Began as an Octopode Fighter on Feb 10, 2018.
             Was a Follower of Okawaru.
             Slain by a phantom (8 damage)
             ... on level 6 of the Dungeon.
             The game lasted 00:08:47 (6189 turns).

wolfsongas the Ruffian (Octopode Fighter)           Turns: 6189, Time: 00:08:48

Health: -3/62      AC:  1    Str: 15    XL:     8   Next: 4%
Magic:  7/7        EV: 11    Int: 13    God:    Okawaru [*.....]
Gold:   333        SH:  9    Dex: 11    Spells: 7/7 levels left

rFire    x . .     SeeInvis .     - Unarmed
rCold    + . .     Gourm    .   a - +1 shield
rNeg     + . .     Faith    .   (helmet restricted)
rPois    .         Spirit   .   (no amulet)
rElec    .         Reflect  .   j - ring of resist corrosion
rCorr    +         Harm     .   r - ring of positive energy
MR       .....                  u - ring of ice
Stlth    ++........             (no ring)
HPRegen  0.20/turn              (no ring)
MPRegen  0.10/turn              (no ring)
                                (no ring)
                                (no ring)

@: no status effects
A: almost no armour, stealthy swim, amphibious, 8 rings, constrict 8, tentacle
spike 1, camouflage 1, low mp 1, mutation resistance 1, robust 1, gelatinous
body 1
a: Heroism, Renounce Religion


You were on level 6 of the Dungeon.
You worshipped Okawaru.
Okawaru was aware of your devotion.
You were not hungry.

You visited 1 branch of the dungeon, and saw 6 of its levels.

You collected 333 gold pieces.

Inventory:

Hand Weapons
 m - the +0 hunting sling of Disharmony {velocity, rPois Str+2, unknown}
   (You found it on level 5 of the Dungeon)

   Any stone fired from it inflicts extra damage.
   It affects your strength (+2).
   It protects you from poison.
Armour
 a - a +1 shield (worn)
Jewellery
 h - an uncursed ring of ice
 j - a ring of resist corrosion (left tentacle)
 r - a ring of positive energy (right tentacle)
 u - a ring of ice (on tentacle)
Wands
 q - a wand of digging (3)
Scrolls
 d - 2 scrolls of fear
 f - 4 scrolls of teleportation
 g - a scroll of magic mapping
 k - 2 scrolls of blinking
 l - 4 scrolls of remove curse
 n - a scroll of enchant weapon
Potions
 b - 3 potions of might
 e - a potion of cancellation
 i - a potion of brilliance
 s - 2 potions of invisibility
 t - a potion of lignification
Comestibles
 c - 18 rations
 o - a chunk of flesh


   Skills:
 + Level 5.7 Fighting
 - Level 3.0 Dodging
 + Level 3.6 Shields
 * Level 7.3 Unarmed Combat


You had 7 spell levels left.
You didn't know any spells.

Dungeon Overview and Level Annotations

Branches:
Dungeon (6/15)
 Temple: D:4-7

Altars:
Ashenzari
Cheibriados
Dithmenos
Hepliaklqana
Okawaru
Sif Muna
Trog
Uskayaw
Wu Jian
Xom

Shops:
D:5 ?


Innate Abilities, Weirdness & Mutations

You cannot wear most types of armour.
You are very stealthy in the water. (Stealth+)
You are amphibious.
You can wear up to eight rings at the same time.
You can use your tentacles to constrict eight enemies at once.
Your skin changes colour to match your surroundings (Stealth+).
Your rubbery body absorbs attacks. (AC +1, EV +1)
One of your tentacles bears a spike.
Your magical capacity is low. (-10% MP)
You are somewhat resistant to further mutation.
You are robust. (+10% HP)


Message History

The leopard gecko zombie closely misses you.
You bludgeon the phantom!
The phantom is severely damaged.
The leopard gecko zombie bites you.
* * * LOW HITPOINT WARNING * * *
You tentacle-slap the phantom.
The phantom is severely damaged.
The phantom hits you!
* * * LOW HITPOINT WARNING * * *
You block the leopard gecko zombie's attack.
You closely miss the phantom.
Your tentacle spike misses the phantom.
You tentacle-slap the phantom, but do no damage.
The phantom is severely damaged.
The phantom closely misses you. The leopard gecko zombie bites you.
* * * LOW HITPOINT WARNING * * *
Okay, then.
You closely miss the phantom. Your squeeze misses the phantom.
The phantom is severely damaged.
The phantom hits you!
You die...

.# ##[...# #####.#.# ###
#.....###########...#
..#
###.....#.........##..##
#.#####......[#.........
#...#
#......>##.####.....(...
#...# ##.#######.#
#......... #...# #)..#
#..# #........| #####
.)#.# #.#####.Z.......
###.## ##.##...W@.......
###..###..#..##.))......
.###........######.#####
.###...#.#### .#
......##.# # ..###..#.#
#.# ##.#.# #.####...#
#...####.####


You could see a phantom and a leopard gecko zombie.

Vanquished Creatures
  A phantom (D:6)
  An ogre (D:6)
  A necrophage (D:6)
  2 crimson imps
  A bullfrog skeleton (D:4)
  An orc priest (D:5)
  3 orc wizards (D:5)
  Jessica (D:2)
  Natasha (thrice) (D:2)
  A worker ant (D:4)
  14 gnolls
  4 adders
  A worm (D:4)
  6 dart slugs (D:4)
  7 leopard geckos
  16 orcs
  3 giant cockroaches
  4 goblins
  4 hobgoblins
  4 jackals (D:1)
  2 kobolds
  3 quokkas
  A ball python (D:3)
  4 bats
  4 frilled lizards
  A quokka skeleton (D:4)
  4 rats
97 creatures vanquished.

Notes
Turn   | Place    | Note
-------+----------+-------------------------------------------
     0 | D:1      | wolfsongas the Octopode Fighter began the quest for the Orb.
     0 | D:1      | Reached XP level 1. HP: 16/16 MP: 1/1
    40 | D:1      | Reached XP level 2. HP: 19/21 MP: 2/2
   894 | D:2      | Noticed Natasha
   901 | D:2      | Killed Natasha
   901 | D:2      | Reached skill level 3 in Unarmed Combat
   901 | D:2      | Reached XP level 3. HP: 10/26 MP: 3/3
  1135 | D:2      | Noticed Jessica
  1143 | D:2      | Killed Jessica
  1143 | D:2      | Reached XP level 4. HP: 29/33 MP: 4/4
  1202 | D:2      | Reached skill level 4 in Unarmed Combat
  1429 | D:2      | Noticed Natasha
  1435 | D:2      | Killed Natasha
  1435 | D:2      | Reached XP level 5. HP: 27/37 MP: 5/5
  1550 | D:2      | Noticed Natasha
  1555 | D:2      | Killed Natasha
  1704 | D:2      | Found a bloodstained altar of Trog.
  2543 | D:3      | Reached skill level 5 in Unarmed Combat
  2550 | D:3      | Reached XP level 6. HP: 21/44 MP: 6/6
  3710 | D:4      | Found a snail-covered altar of Cheibriados.
  3710 | D:4      | Found an ornate altar of the Wu Jian Council.
  3715 | D:4      | Found a hazy altar of Hepliaklqana.
  3720 | D:4      | Found a shadowy altar of Dithmenos.
  3722 | D:4      | Found a faded altar of an unknown god.
  3728 | D:4      | Became a worshipper of Warmaster Okawaru
  3728 | D:4      | Reached * piety under Okawaru
  4164 | D:5      | Entered Level 5 of the Dungeon
  4252 | D:5      | Found Xiusch's Magic Scroll Emporium.
  4302 | D:5      | Found a shattered altar of Ashenzari.
  4544 | D:5      | Reached skill level 6 in Unarmed Combat
  4546 | D:5      | Reached skill level 5 in Fighting
  4546 | D:5      | Reached XP level 7. HP: 17/50 MP: 4/7
  4585 | D:5      | Gained mutation: You are robust. (+10% HP) [potion of mutation]
  4585 | D:5      | Gained mutation: One of your tentacles bears a spike. [potion of mutation]
  4585 | D:5      | Gained mutation: Your magical capacity is low. (-10% MP) [potion of mutation]
  4585 | D:5      | Gained mutation: You are somewhat resistant to further mutation. [potion of mutation]
  5008 | D:5      | Found a deep blue altar of Sif Muna.
  5014 | D:5      | Found a shimmering altar of Xom.
  5060 | D:5      | Got a warped hunting sling
  5616 | D:6      | Found a hide-covered altar of Uskayaw.
  5641 | D:6      | Reached skill level 7 in Unarmed Combat
  5981 | D:6      | Reached XP level 8. HP: 38/62 MP: 5/7
  6189 | D:6      | Slain by a phantom

Vault maps used:
D:1:      noname_arrival_rooms_in_the_neighbourhood, serial_curves,
          eino_curves_02, eino_curves_01
D:2:      lemuel_coloured_pillars_altar, hex_medium, uniq_natasha, uniq_jessica
D:3:      first_ration
D:4:      kennysheep_slugbush, chequers_temple_overflow_minitemple
D:5:      cheibrodos_ashenzari_chains, amethyst_overflow_temple_binary,
          serial_shops, shop
D:6:      eat_drink_and_be_merry_uskayaw

Skill      XL: |  1  2  3  4  5  6  7 |
---------------+----------------------+-----
Unarmed Combat | 3 4 5 6 7 |  7.3
Fighting       | 4 5 |  5.7
Dodging        | |  3.0
Shields        | |  3.6

Action                   |  1- 3 |  4- 6 |  7- 9 || total
-------------------------+-------+-------+-------++-------
Melee: Unarmed           |    33 |   147 |    63 ||   243
       Tentacles         |     7 |    29 |     5 ||    41
       Constrict         |    10 |    43 |    12 ||    65
       Punch             |       |     7 |     3 ||    10
       Kick              |       |       |     9 ||     9
Invok: Heroism           |       |     2 |     4 ||     6
  Use: Potion            |     1 |     3 |     3 ||     7
       Scroll            |     1 |    10 |     5 ||    16
 Stab: Sleeping          |       |     5 |     3 ||     8
  Eat: Ration            |     1 |     3 |       ||     4
       Chunk             |       |     2 |     1 ||     3
Armor: Skin              |     2 |    13 |     4 ||    19
Dodge: Dodged            |     9 |    58 |    23 ||    90
Block: Shield            |    12 |    53 |    30 ||    95

Table legend:
 A = Spawn XP
 B = Non-spawn XP
 C = Spawn XP percentage of total XP
 D = Spawn monster count
 E = Non-spawn monster count
 F = Spawn count percentage of total count
 G = Total turns spent on level
                    A         B        C        D         E        F      G
               +---------+---------+-------+---------+---------+-------+---------
         Total |       0 |    1255 |   0.0 |       0 |      97 |   0.0 |  6189
               +---------+---------+-------+---------+---------+-------+---------
           D:1 |       0 |      20 |   0.0 |       0 |      12 |   0.0 |   849
           D:2 |       0 |     221 |   0.0 |       0 |      20 |   0.0 |  1069
           D:3 |       0 |      88 |   0.0 |       0 |      19 |   0.0 |  1173
           D:4 |       0 |     140 |   0.0 |       0 |      15 |   0.0 |  1073
           D:5 |       0 |     233 |   0.0 |       0 |      13 |   0.0 |  1245
           D:6 |       0 |     553 |   0.0 |       0 |      18 |   0.0 |   780
               +---------+---------+-------+---------+---------+-------+---------
